 Dungeon Crawl Stone Soup version 0.22.1-1-ga44c0e5 (webtiles) character file.

116 aMcNicky the Grave Robber (level 5, -8/38 HPs)
             Began as a Ghoul Necromancer on Oct 30, 2018.
             Killed from afar by Natasha (9 damage)
             ... with a magic dart
             ... on level 2 of the Dungeon.
             The game lasted 00:10:38 (2384 turns).

aMcNicky the Grave Robber (Ghoul Necromancer)       Turns: 2384, Time: 00:10:39

Health: -8/38      AC:  2    Str: 11 (12) XL:     5   Next: 1%
Magic:  0/8        EV: 12    Int: 10 (11) God:
Gold:   145        SH:  0    Dex:  9      Spells: 4/9 levels left

rFire    . . .     SeeInvis .   (no weapon)
rCold    + . .     Gourm    .   (no shield)
rNeg     + + +     Faith    .   a - +0 robe
rPois    ∞         Spirit   .   (no helmet)
rElec    .         Reflect  .   (no cloak)
rCorr    .         Harm     .   (no gloves)
MR       .....                  (no boots)
Stlth    ++........             (no amulet)
HPRegen  0.00/turn              (no ring)
MPRegen  0.11/turn              (no ring)

@: very slightly contaminated, rotting, slowed, invisible, very slow
A: rotting body, claws 1, carnivore, cold resistance 1, negative energy
resistance 3, inhibited regeneration, torment resistance, unbreathing
a: no special abilities


You were on level 2 of the Dungeon.
You were not hungry.

You visited 1 branch of the dungeon, and saw 2 of its levels.

You collected 145 gold pieces.

Inventory:

Hand Weapons
 h - a +0 club
Missiles
 e - 7 tomahawks (quivered)
Armour
 a - a +0 robe (worn)
Jewellery
 d - a +2 ring of intelligence {unknown}
Scrolls
 b - 2 scrolls of identify {unknown}
 f - a scroll of enchant weapon {unknown}
 g - a scroll of amnesia {unknown}
 k - a scroll of remove curse {unknown}
 m - a scroll of magic mapping {unknown}
Potions
 i - a potion of lignification
Comestibles
 c - 4 rations
 l - a chunk of flesh


   Skills:
 - Level 1.7 Dodging
 - Level 2.1 Stealth
 + Level 2.7 Spellcasting
 * Level 5.5 Necromancy


You had 4 spell levels left.
You knew the following spells:

 Your Spells              Type           Power        Failure   Level  Hunger
a - Pain                  Necr           ##..         3%          1    ##.....
b - Animate Skeleton      Necr           N/A          3%          1    ##.....
c - Vampiric Draining     Necr           ##........   9%          3    ####...

Your spell library contained the following spells:

 Spells                   Type           Power        Failure   Level  Hunger
 Regeneration             Chrm/Necr      #.........   28%         3    ####...
 Animate Dead             Necr           N/A          28%         4    #####..


Dungeon Overview and Level Annotations

Branches:
Dungeon (2/15)

Altars:
Dithmenos
Makhleb

Annotations:
D:2 Natasha


Innate Abilities, Weirdness & Mutations

Your body is rotting away.
You thrive on raw meat.
You are immune to poison.
You have sharp fingernails.
You are carnivorous and can eat meat at any time.
Your flesh is cold resistant. (rC+)
You are immune to negative energy. (rN+++)
You do not regenerate when monsters are visible.
You are immune to unholy pain and torment.
You can survive without breathing.


Message History

Confirm with . or Enter, or press ? or * to list all spells.
Aiming: Pain (safe; 2% risk of failure)
Press: ? - help, Shift-Dir - straight line, f/p - Natasha
Aim: Natasha (heavily wounded, fast, chance to defeat MR: 70%) Natasha struggles to resist.
Natasha claws you but does no damage. Natasha closely misses you.
Natasha misses you.
It was a potion of mutation.
You feel extremely strange.
Your body decomposes!
You feel dopey.
Your body decomposes!
You feel weakened. Natasha casts a spell at you. You resist with some effort.
Natasha claws you!
* * * LOW HITPOINT WARNING * * *
Some of the chunks of flesh in your inventory have rotted away.
It was a potion of invisibility.
You fade into invisibility!
Natasha stares at you and mumbles some strange words.
The magic dart hits you!
You die...

#######..###.#
#................ ###.._∩##.#
##........)......
##.....###.#########.###...###.
##.÷#..## #....# ##.###..####.
#..#####
##.###.####...##..#.... ##..###
#.## #.##..#..#.......
##...####.# #....###....#.÷.#
##....##.## ##h##..#..#.##..##
##....##.###@####...##.##..#
##....#....### ##.##...#..##
#...........# #....#......
#........##.# #.##...#..#. #.
###....####.# #.###.##...# #.#
#.##.# #.####.###.###÷#. #.#
#.##.# #.##......#.##.#. #.#
#.##.####.##.#.#.###.#.#. #.#
#.##............## ##..#.


You could see Natasha.

Vanquished Creatures
  A hound (D:2)
  Natasha (D:2)
  3 adders (D:2)
  2 dart slugs (D:1)
  A leopard gecko (D:2)
  2 giant cockroaches
  7 goblins
  3 hobgoblins (D:2)
  2 kobolds
  5 bats (D:2)
  A frilled lizard (D:2)
  3 rats
31 creatures vanquished.

Notes
Turn   | Place    | Note
-------+----------+-------------------------------------------
     0 | D:1      | aMcNicky the Ghoul Necromancer began the quest for the Orb.
     0 | D:1      | Reached XP level 1. HP: 14/14 MP: 2/2
     2 | D:1      | Learned a level 1 spell: Animate Skeleton
   463 | D:1      | Reached XP level 2. HP: 20/20 MP: 2/4
  1058 | D:2      | Reached XP level 3. HP: 15/26 MP: 0/5
  1142 | D:2      | Learned a level 3 spell: Vampiric Draining
  1153 | D:2      | Found a shadowy altar of Dithmenos.
  1799 | D:2      | Reached skill level 5 in Necromancy
  1799 | D:2      | Reached XP level 4. HP: 21/32 MP: 1/6
  1942 | D:2      | Noticed Natasha
  1948 | D:2      | Killed Natasha
  2130 | D:2      | Found a burning altar of Makhleb.
  2148 | D:2      | Reached XP level 5. HP: 5/38 MP: 0/8
  2373 | D:2      | Noticed Natasha
  2383 | D:2      | HP: 1/38 [Natasha (7)]
  2384 | D:2      | Killed from afar by Natasha

Skill      XL: |  1  2  3 |
---------------+----------+-----
Spellcasting   | 2 |  2.7
Necromancy     | 5 |  5.5
Dodging        | |  1.7
Stealth        | |  2.1

Action                   |  1- 3 |  4- 6 || total
-------------------------+-------+-------++-------
Melee: Unarmed           |    56 |    13 ||    69
Throw: Tomahawk          |    24 |     3 ||    27
 Cast: Pain              |    47 |    22 ||    69
  Use: Potion            |       |     3 ||     3
 Stab: Sleeping          |     3 |     1 ||     4
  Eat: Chunk             |     7 |     3 ||    10
       Ration            |     1 |       ||     1
Armor: Robe              |     9 |     4 ||    13
Dodge: Dodged            |    43 |    23 ||    66
